 Dungeon Crawl Stone Soup version 0.25-a0-1056-g2efb326896 (webtiles) character file.

Game seed: 9831786778033189023, levelgen mode: deterministic

216 wullow the Firebug (level 5, -1/38 HPs)
             Began as a Demonspawn Wanderer on May 13, 2020.
             Was an Initiate of Okawaru.
             Slain by a slave (5 damage)
             ... led by Pikel
             ... on level 3 of the Dungeon.
             The game lasted 00:11:35 (4809 turns).

wullow the Firebug (Demonspawn Wanderer)            Turns: 4809, Time: 00:11:35

Health: -1/38      AC:  7    Str: 12    XL:     5   Next: 61%
Magic:  1/8        EV: 10    Int: 21    God:    Okawaru [......]
Gold:   263        SH:  7    Dex: 15    Spells: 4/8 levels left

rFire    . . .     SeeInvis .   t - +4 dagger
rCold    . . .     Gourm    .   s - +3 buckler of Discretion {rN+ Int+4 Stlth+}
rNeg     + . .     Faith    .   d - +0 robe
rPois    +         Spirit   .   a - +0 helmet
rElec    .         Reflect  .   (no cloak)
rCorr    .         Harm     .   (no gloves)
MR       .....                  (no boots)
Stlth    +++.......             (no amulet)
HPRegen  0.12/turn              m - +2 ring of protection
MPRegen  0.11/turn              p - ring of Pala {rPois AC+2 Int+2 Dex+3 Stlth+}

@: no status effects
A: hooves 2
a: Renounce Religion


You were on level 3 of the Dungeon.
You worshipped Okawaru.
Okawaru was noncommittal.
You were hungry.

You visited 2 branches of the dungeon, and saw 5 of its levels.

You collected 263 gold pieces.

Inventory:

Hand Weapons
 t - a +4 dagger (weapon)
Missiles
 g - 44 arrows
 j - 82 stones (quivered)
Armour
 a - a +0 helmet (worn)
 d - a +0 robe (worn)
 s - the +3 buckler of Discretion (worn) {rN+ Int+4 Stlth+}
   (You found it on level 4 of the Dungeon)

   It affects your intelligence (+4).
   It protects you from negative energy.
   It makes you more stealthy.
Jewellery
 m - a +2 ring of protection (left hand)
 p - the ring of Pala (right hand) {rPois AC+2 Int+2 Dex+3 Stlth+}
   (You found it on level 4 of the Dungeon)

   [ring of protection]

   It affects your AC (+2).
   It affects your intelligence (+2).
   It affects your dexterity (+3).
   It protects you from poison.
   It makes you more stealthy.
Wands
 n - a wand of disintegration (4)
Scrolls
 e - a scroll of blinking {unknown}
 h - a scroll of fear {unknown}
 l - 5 scrolls of identify {unknown}
 o - 2 scrolls of remove curse {unknown}
 q - a scroll of teleportation {unknown}
Potions
 b - a potion of lignification
 c - a potion of invisibility {unknown}
 i - a potion of stabbing {unknown}
 k - 5 potions of heal wounds {unknown}
 u - a potion of resistance {unknown}
Comestibles
 f - 13 rations


   Skills:
 + Level 1.8 Fighting
 * Level 0.7 Short Blades
 + Level 1.0 Stealth
 * Level 1.5 Shields
 + Level 2.1 Spellcasting
 - Level 2.0 Conjurations
   Level 1.1 Necromancy
 + Level 3.4 Translocations
 + Level 3.6 Fire Magic


You had 4 spell levels left.
You knew the following spells:

 Your Spells              Type           Power        Failure   Level  Hunger
a - Foxfire               Conj/Fire      ##..         6%          1    #......
b - Gell's Gravitas       Tloc           ###.......   14%         3    ###....

Your spell library contained the following spells:

 Spells                   Type           Power        Failure   Level  Hunger
 Blink                    Tloc           N/A          8%          2    ##.....
 Lesser Beckoning         Tloc           ###.......   14%         3    ###....
 Teleport Other           Tloc           ###.....     14%         3    ###....
 Shroud of Golubria       Chrm/Tloc      #.....       16%         2    ##.....
 Ignite Poison            Fire/Tmut/Pois #.......     36%         3    ###....
 Passage of Golubria      Tloc           N/A          43%         4    #####..


Dungeon Overview and Level Annotations

Branches:
Dungeon (4/15)             Temple (1/1) D:4

Altars:
Ashenzari
Cheibriados
Dithmenos
Elyvilon
Fedhas
Gozag
Hepliaklqana
Kikubaaqudgha
Makhleb
Okawaru
Qazlal
Ru
Sif Muna
Uskayaw
Vehumet
Xom
Yredelemnul
Zin
The Shining One

Annotations:
D:4 Pikel


Innate Abilities, Weirdness & Mutations

You have hoof-like feet.


Message History

The foxfire hits the slave.
The slave is moderately wounded.
The foxfire hits the slave.
The slave is heavily wounded.
Casting: Foxfire (safe; 6% risk of failure)
Confirm with . or Enter, or press ? or * to list all spells.
You conjure some foxfire!
The slave closely misses you.
Your foxfire dissipates!
The foxfire hits the slave.
The slave is severely wounded.
Casting: Foxfire (safe; 6% risk of failure)
Confirm with . or Enter, or press ? or * to list all spells.
You conjure some foxfire!
The slave hits you!
* * * LOW HITPOINT WARNING * * *
Your foxfire dissipates!
The foxfire hits the slave.
The slave is severely wounded.
You block the slave's attack. The slave hits you.
You die...

####.#..#.#...........##.###
#...###รท#.##.##.##.##.......
#.##.#..#.##.##.##..........
#.###.#.#.<..##.########.###
#####.#####.........# #.#
#.........#####..#### #.#
#.###.###.# #..# #.# #.# #.#
#.# #p.# #.# ##.###.###.#
#@.# #.### ...........## #..#
#.... ##.###.##.#.## #..#
####. .......#.###.###..# #.
.....>..## ##.....# #.
##..)....###.####.# #.
#########.#.## #.# #. # ##.##
#.# #. # #.# #.# #.


You could see a slave.

Vanquished Creatures
  An orc priest (D:4)
  An orc wizard (D:4)
  2 hound skeletons (D:4)
  Robin (D:4)
  2 adders
  2 oozes (D:2)
  3 worms
  3 leopard geckos
  6 orcs
  A ball python (D:4)
  3 giant cockroaches (D:1)
  16 goblins
  8 hobgoblins
  8 jackals (D:3)
  5 kobolds
  2 quokkas (D:2)
  6 bats
  7 frilled lizards
  4 rats
81 creatures vanquished.

Vanquished Creatures (others)
  126 foxfires
126 creatures vanquished.

Grand Total: 207 creatures vanquished

Notes
Turn   | Place    | Note
-------+----------+-------------------------------------------
     0 | D:1      | wullow the Demonspawn Wanderer began the quest for the Orb.
     0 | D:1      | wullow set off with the following items: a +0 dagger, a
                  | potion of lignification, a +0 robe, a ration; and the
                  | following spell memorised: Foxfire; and the following
                  | spells available to memorise: Blink, Shroud of Golubria,
                  | Gell's Gravitas, Lesser Beckoning, Teleport Other, Ignite
                  | Poison, Passage of Golubria
     0 | D:1      | Reached XP level 1. HP: 13/13 MP: 2/2
   429 | D:1      | Gained mutation: You have large cloven feet. [demonic
                  | ancestry]
   429 | D:1      | Reached XP level 2. HP: 18/20 MP: 0/3
   482 | D:1      | You fall into a shaft and drop 1 floor!
   524 | D:1      | Reached skill level 1 in Conjurations
  1980 | D:2      | Gained mutation: You have hoof-like feet. [demonic
                  | ancestry]
  1980 | D:2      | Reached XP level 3. HP: 22/25 MP: 2/5
  2028 | D:2      | Learned a level 3 spell: Gell's Gravitas
  2320 | D:2      | Reached skill level 1 in Fighting
  2935 | D:3      | Reached XP level 4. HP: 24/32 MP: 4/6
  3997 | D:4      | Got a warped bronze ring
  4018 | D:4      | Identified the ring of Pala {rPois AC+2 Int+2 Dex+3 Stlth+}
                  | (You found it on level 4 of the Dungeon)
  4142 | D:4      | Got a dazzling buckler
  4148 | D:4      | Identified the +3 buckler of Discretion {rN+ Int+4 Stlth+}
                  | (You found it on level 4 of the Dungeon)
  4166 | D:4      | Reached XP level 5. HP: 37/37 MP: 6/8
  4342 | D:4      | Noticed Robin
  4370 | D:4      | Killed Robin
  4491 | D:4      | Found a staircase to the Ecumenical Temple.
  4496 | Temple   | Entered the Ecumenical Temple
  4546 | Temple   | Became a worshipper of Warmaster Okawaru
  4728 | D:4      | Noticed a slave
  4730 | D:4      | Noticed a slave
  4733 | D:4      | Noticed Pikel
  4733 | D:4      | Noticed a slave
  4733 | D:4      | Noticed a slave
  4809 | D:3      | Slain by a slave

Illustrated notes

Levels and vault maps discovered:
D:1:      dpeg_arrival_tiny_h, layout_loops_cross
D:2:      layout_basic
D:3:      layout_loops_ring, first_ration
D:4:      layout_basic, minmay_temple_entry_nine_rooms, uniq_robin, uniq_pikel
Temple:   grunt_wide_crystal_templ

Skill      XL: |  1  2  3  4 |
---------------+-------------+-----
Conjurations   | 1 2 |  2.0
Fire Magic     | 3 |  3.6
Fighting       | 1 |  1.8
Translocations | 3 |  3.4
Spellcasting   | 2 |  2.1
Short Blades   | |  0.7
Stealth        | |  1.0
Shields        | |  1.5
Necromancy     | |  1.1

Action                   |  1- 3 |  4- 6 || total
-------------------------+-------+-------++-------
Melee: Dagger            |   111 |    73 ||   184
       Kick              |    15 |    19 ||    34
Throw: Stone             |       |     1 ||     1
 Cast: Foxfire           |    47 |    50 ||    97
       Gell's Gravitas   |       |     1 ||     1
 Stab: Sleeping          |       |     3 ||     3
  Eat: Chunk             |     8 |     6 ||    14
Armor: Robe              |    23 |    21 ||    44
Dodge: Dodged            |    84 |    68 ||   152
Block: Buckler           |       |    19 ||    19

Table legend:
 A = Non-vault XP
 B = Vault XP
 C = Vault XP percentage of total XP
 D = Non-vault monster count
 E = Vault monster count
 F = Vault count percentage of total count
                 A         B        C        D         E       F
            +---------+---------+-------+---------+---------+-------
      Total |     274 |      35 |  11.3 |      69 |      12 |  14.8
            +---------+---------+-------+---------+---------+-------
        D:1 |      30 |       0 |   0.0 |      19 |       0 |   0.0
        D:2 |      36 |       0 |   0.0 |      13 |       0 |   0.0
        D:3 |      58 |       0 |   0.0 |      24 |       0 |   0.0
        D:4 |     150 |      35 |  18.9 |      13 |      12 |  48.0
            +---------+---------+-------+---------+---------+-------
